Unix NetHack Version 5.0.0-0 post-release - last build May 10 2026 23:12:36 (d1fa5d53e341ca933230fdaa984d921c805b60aa,branch:main).

Game began 2026-05-12 20:51:46, ended 2026-05-12 21:12:14.

Drastanta, neutral male gnomish Healer

        --
       --.      --
        ...     .|
        -..    ..--
        -..-   ...|
        ....---...-
        -....|.....
        .........
   ------.......-                   |
   |...........-----       .....G...|
   -.......Z@....:...r.........!...-
  |.    ----..--------      --
  --      |....|
          |....--
        --|.-...|
       --.--....--
      --.........|
      |......--..|
      |..--..| ---
      --- ----
Drastanta the Empiric        St:8 Dx:10 Co:14 In:10 Wi:17 Ch:16  Neutral
Dlvl:6  $:1645 HP:0(34) Pw:5(27) AC:8  Xp:3 T:1458 

Latest messages:
 There is a human corpse here, but you cannot lift any more.
 Your movements are slowed slightly because of your load.
 You climb up the stairs.
 You hear a D note squeak in the distance.
 What do you want to drop? [$a-cg-ln-rt-w or ?*] ?
 Never mind.
 Really save? [yn] (n) n
 You drop a pair of hard shoes.
 Your movements are now unencumbered.
 You drop a hooded cloak.
 You drop a ring mail.
 You descend the stairs.
 There is a staircase up to level 3 here.
 There are many objects here.
 Thakanator's ghost touches you!
 The dog bites!
 You hit the dog.
 Thakanator's ghost touches you!
 The dog bites!
 You can't go up here.
 You can't go up here.
 You hit the dog.
 The dog bites!
 You hear crashing rock.
 You don't have enough energy to cast that spell.
 In what direction? .
 You feel better.
 The dog bites!
 The dog bites!
 Thakanator's ghost touches you!
 The dog bites!
 The dog bites!
 What do you want to zap? [g or ?*] g
 In what direction? 6
 The sleep ray hits the dog.
 The hobgoblin wields a curved sword!
 What do you want to zap? [g or ?*] g
 In what direction? 9
 The sleep ray hits the hobgoblin.
 You swap places with the peaceful gnome lord.
 A little dart shoots out at you!
 You are hit by a little dart.
 A trap door opens up under you!
 You fall down a shaft!
 The orc zombie hits!
 Are you sure you want to pray? [yn] (n) y
 You begin praying to Hermes.
 The orc zombie hits!
 You die...
 Do you want your possessions identified? [ynq] (y) q

Inventory:
 Coins    ('$')
  $ - 1645 gold pieces
 Weapons  (')')
  a - a +0 scalpel (weapon in right hand)
 Armor    ('[')
  b - an uncursed +1 pair of leather gloves (being worn)
 Comestibles  ('%')
  w - 2 cursed slime molds
  k - 5 uncursed apples
  q - an uncursed carrot
  o - 2 uncursed cram rations
  l - 2 uncursed food rations
 Scrolls  ('?')
  p - an uncursed scroll of enchant weapon
  n - an uncursed scroll of magic mapping
 Spellbooks  ('+')
  i - a blessed spellbook of extra healing
  h - a blessed spellbook of healing
  j - a blessed spellbook of stone to flesh
 Rings    ('=')
  r - an uncursed ring of protection from shape changers
 Wands    ('/')
  g - a wand of sleep (0:5)
 Tools    ('(')
  c - an uncursed stethoscope

Drastanta the Healer's attributes:

Background:
 You were an Empiric, a level 3 male gnomish Healer.
 You were neutral, on a mission for Hermes
 who was opposed by Athena (lawful) and Poseidon (chaotic).
 You were right-handed.
 You were in the Gnomish Mines, on level 6.
 You entered the dungeon 1458 turns ago.
 You had 54 experience points, 26 more were needed to attain level 4.

Basics:
 You had 0 out of 34 hit points.
 You had 5 out of 27 energy points (spell power).
 Your armor class was 8.
 Your wallet contained 1645 zorkmids.
 Autopickup was off.

Final Characteristics:
 Your strength was 8 (limit:18/50).
 Your dexterity was 10 (limit:18).
 Your constitution was 14 (limit:18).
 Your intelligence was 10 (limit:19).
 Your wisdom was 17 (limit:18).
 Your charisma was 16 (limit:18).

Final Status:
 You weren't hungry.
 You were unencumbered.
 You were wielding a knife.
 You had basic skill with knife.

Final Attributes:
 You were devoutly aligned.
 You were poison resistant.
 You had infravision.
 You are dead.

Miscellaneous:
 You encountered 1 bones level.
 Total elapsed playing time was 20 minutes and 27 seconds.

Major events:
 Turn
    1: Drastanta the neutral male gnomish Healer entered the dungeon
  442: entered the Gnomish Mines
 1060: attained the rank of Empiric (level 3)
 1458: killed by an orc zombie, while praying

Spells:
 Name                 Level Category     Fail Retention
 healing                1   healing        0%  91%-100%
 extra healing          3   healing        0%  91%-100%
 stone to flesh         3   healing        0%  91%-100%

Skills:
 Fighting Skills
   bare handed combat [Unskilled]
 Weapon Skills
   dagger             [Unskilled]
   knife              [Basic]
   short sword        [Unskilled]
   saber              [Unskilled]
   club               [Unskilled]
   mace               [Unskilled]
   quarterstaff       [Unskilled]
   polearms           [Unskilled]
   spear              [Unskilled]
   trident            [Unskilled]
   sling              [Unskilled]
   dart               [Unskilled]
   shuriken           [Unskilled]
   unicorn horn       [Unskilled]
 Spellcasting Skills
   healing spells     [Basic]

Voluntary challenges:
 Character rerolling was not enabled.
 You were illiterate.
 You never genocided any monsters.
 You never polymorphed an object.
 You never changed form.
 You used no wishes.
Achievements:
 You entered the Gnomish Mines.
 You entered a shop.
 You attained the rank of Empiric.

 The Dungeons of Doom: levels 1 to 2
    Level 1:
       A fountain.
    Level 2:
       A general store.
       Stairs down to The Gnomish Mines.
 The Gnomish Mines: levels 3 to 6
    Level 3:
    Level 4:
       Final resting place for
          thakanator-Arc-Hum-Mal-Law, killed by a gnome lord.
    Level 6: <- You were here.
       Final resting place for
          you, killed by an orc zombie, while praying.


Vanquished creatures:
  a shrieker
  a homunculus
  a coyote
  a hobbit
  2 giant rats
  3 gnomes
  2 geckos
  a fox
  a goblin
  2 sewer rats
  a grid bug
  2 lichens
  a kobold zombie
  8 newts
27 creatures vanquished.

No species were genocided or became extinct.

Game over:
                       ----------
                      /          \
                     /    REST    \
                    /      IN      \
                   /     PEACE      \
                  /                  \
                  |    Drastanta     |
                  |     1645 Au      |
                  | killed by an orc |
                  |      zombie      |
                  |                  |
                  |                  |
                  |       2026       |
                 *|     *  *  *      | *
        _________)/\\_//(\/(/\)/\//\/|_)_______

Goodbye Drastanta the Healer...

You died in The Gnomish Mines on dungeon level 6 with 615 points,
and 1645 pieces of gold, after 1458 moves.
You were level 3 with a maximum of 34 hit points when you died.

